AoeStats
← The Crusader

Arabia

510332622Analyzed
1v1 RM · 1d ago on Sep 30, 2026· 48m 41s· 2 players
Game mode
Random Map
Map size
Tiny (2 player)
Population
200
Speed
Normal
Resources
Standard
Victory
Conquest
Starting age
Dark Age
Ending age
Imperial Age
RankedLock teamsTeams togetherTeam positionsShared explorationLock speedFull tech treeHidden civsTurbo modeCheats
Victory
Defeat
🇺🇸 Magyars · United States
1738
+13
🇧🇷 Persians · Brazil
1665
-13
Nach Being Nice
5:49 Loom
8:31 Feudal Age
11:01 Double-Bit Axe
12:34 Horse Collar
15:01 Wheelbarrow
19:42 Castle Age
18:01 Gold Mining
20:20 Scale Barding Armor
20:26 Bow Saw
20:18 Heavy Plow
24:27 Chain Barding Armor
27:02 Forging
31:36 Bloodlines
31:28 Husbandry
35:01 Imperial Age
33:17 Ballistics
35:09 Iron Casting
34:40 Cavalier
36:00 Plate Barding Armor
36:27 Two-Man Saw
39:35 Chemistry
40:07 Padded Archer Armor
41:12 Leather Archer Armor
41:58 Blast Furnace
41:16 Guilds
41:38 Crop Rotation
42:35 Ring Archer Armor
43:05 Blast Furnace
42:08 Fletching
42:26 Thumb Ring
41:41 Elite Skirmisher
43:29 Masonry
45:16 Conscription
45:05 Kamandaran
46:38 Architecture
46:32 Savar
The Crusader
6:09 Loom
8:49 Feudal Age
9:22 Double-Bit Axe
9:54 Horse Collar
19:24 Castle Age
18:18 Gold Mining
19:01 Bloodlines
18:59 Fletching
20:10 Bodkin Arrow
20:57 Bow Saw
22:33 Wheelbarrow
22:57 Husbandry
27:28 Ballistics
28:06 Padded Archer Armor
28:07 Heavy Plow
28:36 Town Watch
29:55 Scale Barding Armor
31:42 Sanctity
31:55 Thumb Ring
37:50 Imperial Age
35:58 Scale Mail Armor
35:20 Pikeman
38:14 Chain Mail Armor
37:55 Halberdier
38:46 Bracer
40:42 Chemistry
40:25 Leather Archer Armor
41:40 Ring Archer Armor
41:09 Arson
41:37 Town Patrol
42:38 Parthian Tactics
42:32 Heavy Cavalry Archer
44:55 Conscription
44:25 Elite Magyar Huszar
46:21 Chain Barding Armor
46:07 Corvinian Army
47:40 Plate Barding Armor
Connection lost

Rejoining the realm…

Still unreachable

The connection could not be restored.

Session expired

The server has moved on; the page needs a fresh start.